 Dungeon Crawl Stone Soup version 0.26-a0-707-g31817bcca1 (webtiles) character file.

Game seed: 16791543592354068999

665 Asdor the Ducker (level 7, 0/55 HPs)
             Began as a Demonspawn Gladiator on Oct 27, 2020.
             Slain by a gnoll
             ... wielding a +0 spear
              (6 damage)
             ... on level 6 of the Dungeon.
             The game lasted 00:07:23 (2941 turns).

Asdor the Ducker (Demonspawn Gladiator)             Turns: 2941, Time: 00:07:25

Health: 0/55       AC:  4    Str: 16    XL:     7   Next: 31%
Magic:  7/7        EV: 14    Int:  9    God:
Gold:   63         SH:  4    Dex: 15    Spells: 6/6 levels left

rFire    + . .     SeeInvis +   a - +1 trident
rCold    . . .     Faith    .   (no shield)
rNeg     . . .     Spirit   .   b - +0 leather armour
rPois    .         Reflect  .   c - +0 helmet
rElec    .         Harm     .   (no cloak)
rCorr    .         Rampage  .   (no gloves)
MR       .....                  (no boots)
Stlth    +.........             (no amulet)
HPRegen  0.18/turn              e - ring of see invisible
MPRegen  0.10/turn              (no ring)

@: no status effects
A: talons 2, large bone plates 1, fire resistance 1, powered by pain 1
a: no special abilities


You were on level 6 of the Dungeon.
You visited 1 branch of the dungeon, and saw 4 of its levels.

You collected 63 gold pieces.

Inventory:

Hand Weapons
 a - a +1 trident (weapon)
Armour
 b - a +0 leather armour (worn)
 c - a +0 helmet (worn)
Jewellery
 e - a ring of see invisible (left hand)
Scrolls
 f - 2 scrolls of immolation
 g - 3 scrolls of identify
 l - a scroll of remove curse
Potions
 h - a potion of stabbing
 j - 4 potions of brilliance


   Skills:
 + Level 4.9 Fighting
 + Level 5.0 Polearms
 - Level 1.7 Throwing
 + Level 5.0 Dodging


You had 6 spell levels left.
You didn't know any spells.
Your spell library was empty.

Dungeon Overview and Level Annotations

Branches:
Dungeon (3/15)

Altars:
Dithmenos
Fedhas
Sif Muna


Innate Abilities, Weirdness & Mutations

You have razor-sharp toenails.
You are partially covered in large bone plates. (SH +4)
Your flesh is heat resistant. (rF+)
You sometimes gain a little power by taking damage.


Message History

You hit the orc priest.
You claw the orc priest, but do no damage.
The orc priest is severely wounded.
The orc wizard mumbles some strange words.
The orc wizard blinks!
You block the orc priest's attack.
The orc wizard hits you with a +0 dagger.
* * * LOW HITPOINT WARNING * * *
You hit the orc priest.
You kill the orc priest!
Your Polearms skill increases to level 5!
Your Dodging skill increases to level 5!
The orc warrior misses you. The orc wizard barely misses you.
Unknown command.
You barely miss the orc wizard. You claw the orc wizard.
The orc wizard is lightly wounded.
The orc wizard hits you but does no damage.
You block the orc warrior's attack.
A gnoll comes into view. It is wielding a +0 halberd.
The gnoll hits you from afar with a +0 spear.
You die...

#..# #.#
#####..###.#######
#..........o.o...#
##.....#.#####o#
##...##.# #o#
#..###o# #o#
#..o...# #o#
##o##### #o# ##'##
#@# ##...##


#oog# ##o....## ###g# ##.......# g<# ##o........# o# )'.........+ ..
##.........# .# ##.......## .# ##.....## You could see an orc warrior, 3 orc
wizards, 3 gnolls and 4 orcs.

Vanquished Creatures
  Sigmund (D:2)
  Menkaure (D:6)
  2 sky beasts (D:6)
  2 orc wizards (D:6)
  2 orc priests (D:6)
  3 gnolls (D:2)
  An ooze (D:1)
  A worm (D:2)
  A dart slug (D:1)
  2 leopard geckos (D:1)
  2 orcs (D:6)
  10 bats
  3 giant cockroaches (D:1)
  7 goblins
  5 hobgoblins
  8 jackals (D:2)
  4 frilled lizards
  2 kobolds
  5 rats
62 creatures vanquished.

Notes
Turn   | Place    | Note
-------+----------+-------------------------------------------
     0 | D:1      | Asdor the Demonspawn Gladiator began the quest for the Orb.
     0 | D:1      | Reached XP level 1. HP: 16/16 MP: 1/1
   230 | D:1      | Gained mutation: You have sharp toenails. [demonic
                  | ancestry]
   230 | D:1      | Reached XP level 2. HP: 11/22 MP: 2/2
   577 | D:1      | Gained mutation: You have razor-sharp toenails. [demonic
                  | ancestry]
   577 | D:1      | Reached XP level 3. HP: 14/28 MP: 3/3
   863 | D:1      | You fall into a shaft and drop 1 floor!
  1265 | D:2      | Gained mutation: You are partially covered in large bone
                  | plates. (SH +4) [demonic ancestry]
  1265 | D:2      | Reached XP level 4. HP: 29/34 MP: 4/4
  1343 | D:2      | Noticed Sigmund
  1359 | D:2      | Killed Sigmund
  1359 | D:2      | Reached XP level 5. HP: 42/42 MP: 5/5
  2131 | D:3      | You fall into a shaft and drop 3 floors!
  2131 | D:6      | Noticed Menkaure
  2139 | D:6      | Killed Menkaure
  2139 | D:6      | Gained mutation: You sometimes gain a little power by
                  | taking damage. [demonic ancestry]
  2139 | D:6      | Reached XP level 6. HP: 26/48 MP: 6/6
  2339 | D:6      | Noticed a sky beast
  2362 | D:6      | HP: 1/48 [something (5)]
  2369 | D:6      | Killed a sky beast
  2775 | D:6      | Found a shadowy altar of Dithmenos.
  2778 | D:6      | Found a blossoming altar of Fedhas.
  2781 | D:6      | Found a shimmering blue altar of Sif Muna.
  2841 | D:6      | Noticed a sky beast
  2858 | D:6      | Killed a sky beast
  2858 | D:6      | Gained mutation: Your flesh is heat resistant. (rF+)
                  | [demonic ancestry]
  2858 | D:6      | Reached XP level 7. HP: 39/55 MP: 7/7
  2940 | D:6      | Reached skill level 5 in Polearms
  2940 | D:6      | Reached skill level 5 in Dodging
  2941 | D:6      | Slain by a gnoll

Illustrated notes

Levels and vault maps discovered:
D:1:      minmay_arrival_stone_box, layout_basic
D:2:      layout_basic, uniq_sigmund
D:3:      layout_loops_ring, makhleb_altar_promises_db
D:6:      layout_loops_corners, grunt_temple_overflow_diamond, serial_shops,
          nicolae_shop_stone, uniq_menkaure, uniq_eustachio

Skill      XL: |  1  2  3  4  5  6  7 |
---------------+----------------------+-----
Polearms       | 3 4 5 |  5.0
Dodging        | 3 4 5 |  5.0
Fighting       | 3 4 |  4.9
Throwing       | |  1.7

Action                   |  1- 3 |  4- 6 |  7- 9 || total
-------------------------+-------+-------+-------++-------
Melee: Trident           |    91 |   103 |    15 ||   209
       Kick              |     7 |    12 |     8 ||    27
Throw: Throwing net      |       |     5 |     1 ||     6
  Use: Potion            |     1 |     7 |     1 ||     9
       Scroll            |       |     5 |       ||     5
 Stab: Held in net/web   |       |     1 |       ||     1
       Sleeping          |       |     2 |       ||     2
       Invisible         |       |       |     1 ||     1
Armor: Leather armour    |    28 |    15 |     3 ||    46
       Skin              |       |     1 |       ||     1
Dodge: Dodged            |    75 |    48 |    35 ||   158
Block: Other             |       |    15 |     7 ||    22

Table legend: (Time is in decaauts)
 A = Elapsed time spent in this place.
 B = Non-inter-level travel time spent in this place.
 C = Inter-level travel time spent in this place.
 D = Time resting spent in this place.
 E = Time spent auto-exploring this place.
 F = Levels seen in this place.
 G = Mean time per level.
                   A        B        C        D        E       F      G
               +--------+--------+--------+--------+--------+-----+--------+
         Total |   2983 |   2959 |     24 |   1079 |   1342 |   4 |  745.8 |
       Dungeon |   2983 |   2959 |     24 |   1079 |   1342 |   4 |  745.8 |
               +--------+--------+--------+--------+--------+-----+--------+

Top non-repeatable levels by time:
     D:2: 1180 daAuts
     D:1: 967 daAuts
     D:6: 830 daAuts
     D:3: 4 daAuts
